 Dungeon Crawl Stone Soup version 0.30-a0-292-g0f741e3f8e (webtiles) character file.

Game seed: 10377744865299759637

147 sleeves the Shooter (level 4, -1/36 HPs)
             Began as a Demigod Hunter on Oct 17, 2022.
             Slain by an orc
             ... wielding a +0 club
              (5 damage)
             ... on level 3 of the Dungeon.
             The game lasted 00:01:45 (1593 turns).

sleeves the Shooter (Demigod Hunter)                Turns: 1593, Time: 00:01:46

Health: -1/36      AC:  3    Str: 12    XL:     4   Next: 81%
Magic:  6/6        EV: 12    Int: 11    God:
Gold:   129        SH:  0    Dex: 21    Spells: 3/3 levels left

rFire   . . .      SeeInvis +    a - +0 shortbow
rCold   . . .      Faith    .    (shield currently unavailable)
rNeg    . . .      Spirit   .    c - +0 leather armour
rPois   .          Reflect  .    (no helmet)
rElec   .          Harm     .    (no cloak)
rCorr   .          Rampage  .    (no gloves)
Will    .....                    (no boots)
Stlth   ++........               (no amulet)
HPRegen 0.26/turn                g - ring of see invisible
MPRegen 0.10/turn                (no ring)

@: no status effects
A: high MP 1, forlorn, divine attributes
a: no special abilities


You were on level 3 of the Dungeon.
You visited 1 branch of the dungeon, and saw 3 of its levels.

You collected 129 gold pieces.

Inventory:

Hand Weapons
 a - a +0 shortbow (weapon)
 s - a +0 falchion
   (You found it on level 3 of the Dungeon)
Armour
 c - a +0 leather armour (worn)
 q - a +0 pair of gloves
   (You found it on level 2 of the Dungeon)
Jewellery
 g - a ring of see invisible (left hand)
   (You found it on level 1 of the Dungeon)
Scrolls
 b - a scroll of immolation
 d - 4 scrolls of identify {unknown}
 f - a scroll of poison {unknown}
 i - a scroll of summoning {unknown}
 k - a scroll of amnesia {unknown}
 l - a scroll of fear {unknown}
 n - a scroll of enchant armour {unknown}
 p - a scroll of blinking {unknown}
 r - a scroll of vulnerability {unknown}
Potions
 e - a potion of haste {unknown}
 h - 2 potions of flight {unknown}
 j - a potion of lignification {unknown}
 m - a potion of brilliance {unknown}
 o - 2 potions of magic {unknown}


   Skills:
 - Level 1.7 Fighting
 + Level 1.9 Long Blades
 - Level 5.4 Ranged Weapons
 - Level 1.7 Dodging
 - Level 0.8 Stealth


You had 3 spell levels left.
You didn't know any spells.
Your spell library contained the following spells:

 Spells                   Type           Power      Damage    Failure   Level
 Animate Dead             Necr           0%         N/A       99%         4
 Haunt                    Necr/Summ      0%         N/A       100%        7
 Infestation              Necr           0%         N/A       100%        8


Dungeon Overview and Level Annotations

Branches:
Dungeon (3/15)


Innate Abilities, Weirdness & Mutations

You have an increased reservoir of magic. (+10% MP)
You shall have no god before yourself.
Your divine heritage dramatically boosts your attributes as you level up.


Message History

Welcome, sleeves the Demigod Hunter.
Will you prevail where others failed? Will you find the Orb of Zot?
Press ? for a list of commands and other information.
Found a staircase leading out of the dungeon.
A hobgoblin comes into view.
A hobgoblin is nearby!
A hobgoblin is nearby!
A hobgoblin is nearby!
You shoot an arrow. The arrow hits the hobgoblin.
The hobgoblin is moderately wounded.
You shoot an arrow. The arrow closely misses the hobgoblin.
You shoot an arrow.
The arrow hits the hobgoblin but does no damage.
The hobgoblin is moderately wounded.
A hobgoblin is nearby!
You shoot an arrow. The arrow hits the hobgoblin.
The hobgoblin is severely wounded.
A hobgoblin is nearby!
You shoot an arrow. The arrow hits the hobgoblin!
You kill the hobgoblin!
You see here a hobgoblin corpse.
A sourceless malevolence fills the Dungeon...
You fall into a shaft and drop 1 floor!
The shaft crumbles and collapses.
A worm comes into view.
A worm is nearby!
A worm is nearby!
You shoot an arrow. The arrow hits the worm.
The worm is lightly wounded.
You hear a shout!
A hobgoblin comes into view.
You shoot an arrow. The arrow hits the worm.
The worm is heavily wounded.
Found a stone staircase leading up.
You shoot an arrow.
The arrow hits the worm but does no damage.
The worm is lightly wounded.
You shoot an arrow. The arrow hits the worm.
The worm is lightly wounded.
You shoot an arrow. The arrow hits the worm.
The worm is heavily wounded.
You shoot an arrow. The arrow hits the worm.
The worm is severely wounded.
The worm closely misses you.
You shoot an arrow. The arrow hits the worm.
The worm is almost dead.
You shoot an arrow. The arrow hits the worm!
You kill the worm!
You shoot an arrow. The arrow hits the hobgoblin.
The hobgoblin is moderately wounded.
You hear a shout!
The hobgoblin hits you but does no damage.
You shoot an arrow. The arrow hits the hobgoblin.
The hobgoblin is almost dead.
A bat comes into view.
The hobgoblin completely misses you. The hobgoblin hits you.
You shoot an arrow. The arrow hits the hobgoblin!
You kill the hobgoblin!
You shoot an arrow. The arrow closely misses the bat.
The bat hits you but does no damage.
A kobold comes into view. It is wielding a +0 short sword.
You shoot an arrow.
The arrow hits the bat but does no damage.
The bat barely misses you.
You shoot an arrow. The arrow closely misses the kobold.
You shoot an arrow. The arrow hits the kobold!
You kill the kobold!
The bat hits you but does no damage.
Your Ranged Weapons skill increases to level 4!
You shoot an arrow. The arrow hits the bat!
You kill the bat!
A giant cockroach comes into view.
You shoot an arrow. The arrow hits the giant cockroach!
You kill the giant cockroach!
You have reached level 2!
d - a scroll labelled LIOMMI LUCYRID You see here a +0 short sword.
A hobgoblin comes into view. It is wielding a +0 quarterstaff.
The hobgoblin shouts!
You shoot an arrow. The arrow hits the hobgoblin!
You kill the hobgoblin!
No target in view!
No target in view!
There is a stone staircase leading up here.
You climb upwards.
The endoplasm quivers.
There is a stone staircase leading down here.
You shoot an arrow. The arrow barely misses the hobgoblin.
The hobgoblin closely misses you. The hobgoblin closely misses you.
You climb downwards.
There is a stone staircase leading up here.
You shoot an arrow. The arrow barely misses the hobgoblin.
The frilled lizard hisses angrily.
The hobgoblin barely misses you. The hobgoblin misses you.
You shoot an arrow. The arrow hits the hobgoblin.
The hobgoblin is lightly wounded.
The hobgoblin hits you.
You shoot an arrow.
The arrow hits the hobgoblin but does no damage.
The hobgoblin is lightly wounded.
The hobgoblin hits you. The frilled lizard barely misses you.
The hobgoblin misses you.
You shoot an arrow. The arrow hits the hobgoblin!
You kill the hobgoblin!
The frilled lizard bites you but does no damage.
You shoot an arrow. The arrow hits the frilled lizard!
You kill the frilled lizard!
A bat comes into view.
You shoot an arrow. The arrow closely misses the bat.
The bat closely misses you.
You shoot an arrow. The arrow hits the bat!
You kill the bat!
No target in view!
No target in view!
HP restored.
Found a faded altar of an unknown god.
No target in view!
No target in view!
No target in view!
Found 8 stones.
No target in view!
No target in view!
No target in view!
No target in view!
Found a leather armour.
You now have 16 gold pieces.
You now have 19 gold pieces (gained 3).
You now have 32 gold pieces (gained 13).
d - 2 scrolls labelled LIOMMI LUCYRID (gained 1)
An adder comes into view.
The adder hisses angrily.
An adder is nearby!
You shoot an arrow. The arrow closely misses the adder.
The adder bites you.
You shoot an arrow. The arrow closely misses the adder.
The adder bites you but does no damage. x2
You shoot an arrow. The arrow hits the adder!
The adder is severely wounded.
The adder misses you. x2
You shoot an arrow. The arrow hits the adder.
You kill the adder!
No target in view!
No target in view!
No target in view!
No target in view!
No target in view!
No target in view!
No target in view!
No target in view!
No target in view!
You can't go up here!
(D) Dungeon
Where to? (? - help)
Found a leather armour.
You see here a +0 leather armour.
There is a stone staircase leading up here.
You climb upwards.
The endoplasm freezes you.
You are frozen.
The endoplasm freezes you.
You are frozen.
There is a stone staircase leading down here.
You shoot an arrow. The arrow hits the endoplasm!
You kill the endoplasm!
No target in view!
No target in view!
HP restored.
Found a trident.
A goblin comes into view. It is wielding a +0 club.
The goblin shouts!
A goblin is nearby!
A goblin is nearby!
You shoot an arrow. The arrow hits the goblin.
You kill the goblin!
No target in view!
No target in view!
You now have 41 gold pieces (gained 9).
Found a stone staircase leading down.
A bat comes into view.
A bat is nearby!
You shoot an arrow. The arrow hits the bat!
You kill the bat!
You hear a bark! x2
No target in view!
No target in view!
You hear a bark!
A jackal comes into view. x2
The jackal moves out of view.
You shoot an arrow. The arrow closely misses the jackal.
You hear a bark!
A jackal comes into view.
There are monsters nearby!
You shoot an arrow. The arrow barely misses the jackal.
The arrow hits the jackal.
You kill the jackal!
A jackal comes into view.
The jackal bites you but does no damage.
You shoot an arrow. The arrow closely misses the jackal.
The arrow hits the jackal.
The jackal is lightly wounded.
The jackal barely misses you.
The jackal bites you but does no damage.
A rat comes into view.
You shoot an arrow.
The arrow hits the jackal but does no damage.
The jackal bites you. The jackal closely misses you.
You shoot an arrow. The arrow barely misses the jackal.
The arrow hits the jackal.
The jackal is moderately wounded.
The jackal bites you. The jackal misses you.
You shoot an arrow. The arrow hits the jackal.
The jackal is moderately wounded.
The jackal bites you.
The jackal bites you but does no damage.
You shoot an arrow. The arrow hits the jackal.
You kill the jackal!
The jackal bites you but does no damage.
You shoot an arrow. The arrow closely misses the jackal.
The arrow hits the jackal.
The jackal is heavily wounded.
The jackal bites you but does no damage.
The jackal misses you.
You shoot an arrow. The arrow hits the jackal!
You kill the jackal!
The jackal bites you.
You shoot an arrow. The arrow hits the jackal.
The jackal is moderately wounded.
The jackal closely misses you.
You shoot an arrow. The arrow closely misses the jackal.
The arrow closely misses the rat.
The jackal bites you but does no damage. x2
You shoot an arrow. The arrow hits the jackal.
The jackal is heavily wounded.
The jackal bites you but does no damage.
The jackal misses you.
You shoot an arrow. The arrow barely misses the jackal.
The arrow closely misses the rat.
The jackal bites you. The jackal closely misses you.
You shoot an arrow. The arrow hits the jackal.
The jackal is severely wounded.
The jackal barely misses you.
You shoot an arrow.
The arrow hits the jackal but does no damage.
The jackal is severely wounded.
The jackal bites you but does no damage.
The jackal barely misses you.
You shoot an arrow. The arrow hits the jackal!
You kill the jackal!
You have reached level 3!
Your experience leads to a dramatic increase in your attributes!
Increase (S)trength, (I)ntelligence, or (D)exterity?
You feel agile. x4
You shoot an arrow. The arrow hits the rat!
You kill the rat!
No target in view!
No target in view!
No target in view!
No target in view!
No target in view!
No target in view!
e - a bubbling green potion
Found a club.
A kobold comes into view. It is wielding a +0 short sword.
The kobold shouts!
A kobold is nearby!
You shoot an arrow. The arrow hits the kobold!
You kill the kobold!
No target in view!
No target in view!
No target in view!
No target in view!
No target in view!
Found a stone staircase leading down.
You now have 56 gold pieces (gained 15).
You see here a +0 short sword.
There is a stone staircase leading down here.
f - a scroll labelled QIRHETO JIZXUM
There is a stone staircase leading down here.
g - a ring of see invisible No target in view!
No target in view!
No target in view!
No target in view!
g - a ring of see invisible (left hand)
Found 7 stones.
A quokka comes into view.
You see here 7 stones.
A quokka is nearby!
You shoot an arrow. The arrow hits the quokka!
You kill the quokka!
No target in view!
No target in view!
No target in view!
A bat and a rat come into view.
There are monsters nearby!
There are monsters nearby!
You shoot an arrow.
The arrow hits the rat but does no damage.
The rat barely misses you.
You shoot an arrow.
The arrow hits the rat but does no damage.
The rat closely misses you.
You shoot an arrow. The arrow hits the rat.
You kill the rat!
The bat barely misses you. The bat hits you but does no damage. x2
You shoot an arrow. The arrow hits the bat.
The bat is severely wounded.
The bat hits you but does no damage.
You shoot an arrow. The arrow closely misses the bat.
The bat barely misses you.
You shoot an arrow. The arrow hits the bat!
You kill the bat!
No target in view!
No target in view!
No target in view!
No target in view!
No target in view!
No target in view!
You see here a bat corpse.
You see here a rat corpse.
A bat comes into view.
A bat is nearby!
A bat is nearby!
You shoot an arrow. The arrow hits the bat.
The bat is severely wounded.
You shoot an arrow. The arrow hits the bat.
You kill the bat!
No target in view!
No target in view!
No target in view!
No target in view!
No target in view!
You now have 66 gold pieces (gained 10).
An endoplasm comes into view.
Found 8 gold pieces.
An endoplasm is nearby!
An endoplasm is nearby!
You shoot an arrow. The arrow hits the endoplasm.
You kill the endoplasm!
No target in view!
No target in view!
No target in view!
No target in view!
No target in view!
No target in view!
You now have 74 gold pieces (gained 8).
You now have 86 gold pieces (gained 12).
Found a dagger.
A rat comes into view.
A rat is nearby!
You shoot an arrow. The arrow hits the rat.
The rat is heavily wounded.
A bat comes into view.
The bat barely misses you.
You shoot an arrow. The arrow barely misses the bat.
The bat hits you but does no damage.
You shoot an arrow. The arrow hits the bat.
You kill the bat!
You shoot an arrow. The arrow closely misses the rat.
You shoot an arrow. The arrow barely misses the rat.
The rat completely misses you.
You shoot an arrow. The arrow hits the rat!
You kill the rat!
No target in view!
No target in view!
You see here a rat corpse.
A bat and an endoplasm come into view.
There are monsters nearby!
There are monsters nearby!
You shoot an arrow.
The arrow hits the endoplasm but does no damage.
You hear a shout!
You shoot an arrow. The arrow barely misses the endoplasm.
A kobold comes into view. It is wielding a +0 short sword.
The bat closely misses you.
You shoot an arrow. The arrow hits the bat!
You kill the bat!
You shoot an arrow. The arrow hits the endoplasm!
You kill the endoplasm!
You shoot an arrow. The arrow hits the kobold.
You kill the kobold!
No target in view!
No target in view!
No target in view!
No target in view!
You see here a bat corpse.
h - a fuming golden potion A ball python and an endoplasm come into view.
You shoot an arrow. The arrow hits the ball python.
You kill the ball python!
The endoplasm quivers.
You shoot an arrow.
The arrow hits the endoplasm but does no damage.
You shoot an arrow. The arrow hits the endoplasm!
You kill the endoplasm!
No target in view!
No target in view!
No target in view!
No target in view!
No target in view!
No target in view!
No target in view!
An endoplasm comes into view.
An endoplasm is nearby!
An endoplasm is nearby!
You shoot an arrow. The arrow hits the endoplasm.
The endoplasm quivers.
The endoplasm is moderately wounded.
You shoot an arrow. The arrow hits the endoplasm.
The endoplasm is moderately wounded.
You shoot an arrow. The arrow hits the endoplasm!
You kill the endoplasm!
No target in view!
No target in view!
No target in view!
No target in view!
No target in view!
There is a stone staircase leading down here.
i - a scroll labelled BEANAPL XOATET
There is a stone staircase leading down here.
An endoplasm comes into view.
An endoplasm is nearby!
You shoot an arrow. The arrow hits the endoplasm.
The endoplasm quivers.
The endoplasm is severely wounded.
You shoot an arrow. The arrow barely misses the endoplasm.
You shoot an arrow. The arrow hits the endoplasm.
You kill the endoplasm!
No target in view!
No target in view!
No target in view!
No target in view!
No target in view!
Found a chain mail.
j - a yellow potion No target in view!
You see here a +0 chain mail.
Found a robe.
A hobgoblin comes into view.
A hobgoblin is nearby!
A hobgoblin is nearby!
A hobgoblin is nearby!
You shoot an arrow. The arrow hits the hobgoblin!
You kill the hobgoblin!
No target in view!
No target in view!
No target in view!
No target in view!
No target in view!
No target in view!
An endoplasm comes into view.
An endoplasm is nearby!
An endoplasm is nearby!
An endoplasm is nearby!
You shoot an arrow. The arrow hits the endoplasm.
The endoplasm quivers.
The endoplasm is severely wounded.
You hear a shout!
A kobold comes into view. It is wielding a +0 dagger.
You shoot an arrow. The arrow barely misses the kobold.
You shoot an arrow. The arrow hits the kobold.
The kobold is heavily wounded.
You shoot an arrow. The arrow misses the kobold.
The kobold hits you with a +0 dagger. The kobold hits you but does no damage.
You shoot an arrow. The arrow hits the kobold!
You kill the kobold!
You shoot an arrow. The arrow hits the endoplasm!
You kill the endoplasm!
No target in view!
k - a scroll labelled PIXAMASTOU A frilled lizard comes into view.
A frilled lizard is nearby!
You shoot an arrow. The arrow hits the frilled lizard.
You kill the frilled lizard!
No target in view!
No target in view!
No target in view!
No target in view!
No target in view!
No target in view!
No target in view!
A bat comes into view.
A bat is nearby!
A bat is nearby!
A bat is nearby!
You shoot an arrow. The arrow hits the bat.
The bat is heavily wounded.
You shoot an arrow. The arrow hits the bat.
You kill the bat!
Your Ranged Weapons skill increases to level 5!
No target in view!
No target in view!
No target in view!
No target in view!
You see here a bat corpse.
A dart slug comes into view.
A dart slug is nearby!
A dart slug is nearby!
You shoot an arrow. The arrow hits the dart slug!
The dart slug is severely wounded.
You shoot an arrow. The arrow hits the dart slug!
You kill the dart slug!
No target in view!
No target in view!
No target in view!
No target in view!
No target in view!
No target in view!
No target in view!
You see here a bat corpse.
l - a scroll labelled LOIQAJ ZIOSH
Things that are here:
a +0 dagger; a kobold corpse You enter the shallow water.
Moving in this stuff is going to be slow.
You enter the shallow water.
Moving in this stuff is going to be slow.
There is a stone staircase leading down here.
Done exploring.
Done exploring.
Done exploring.
Done exploring.
(D) Dungeon
Where to? (Enter - D:1, ? - help)
You see here a +0 dagger.
You see here a +0 short sword.
There is a stone staircase leading down here.
You climb downwards.
Found a fizzy clear potion.
There is a stone staircase leading up here.
m - a fizzy clear potion
Found 8 stones.
A bat comes into view.
A bat is nearby!
A bat is nearby!
You shoot an arrow. The arrow hits the bat!
You kill the bat!
No target in view!
No target in view!
A goblin comes into view. It is wielding a +0 dagger.
The goblin shouts!
A goblin is nearby!
A goblin is nearby!
You shoot an arrow. The arrow hits the goblin.
The goblin is severely wounded.
You shoot an arrow. The arrow closely misses the goblin.
A goblin is nearby!
A goblin is nearby!
A goblin is nearby!
You shoot an arrow. The arrow hits the goblin.
You kill the goblin!
No target in view!
No target in view!
You see here a +0 dagger.
A ball python and an endoplasm come into view.
The ball python hisses angrily.
The endoplasm quivers.
A frilled lizard comes into view.
There are monsters nearby!
There are monsters nearby!
There are monsters nearby!
You shoot an arrow. The frilled lizard hisses angrily.
The arrow hits the endoplasm!
You kill the endoplasm!
You shoot an arrow.
The arrow closely misses the ball python.
You shoot an arrow. The arrow hits the ball python!
You kill the ball python!
You shoot an arrow. The arrow hits the frilled lizard.
You kill the frilled lizard!
No target in view!
No target in view!
You see here a ball python corpse.
Found a stone staircase leading down.
A goblin comes into view. It is wielding a +0 dagger.
The goblin shouts!
A goblin is nearby!
A goblin is nearby!
You shoot an arrow. The arrow barely misses the goblin.
You shoot an arrow. The arrow hits the goblin.
You kill the goblin!
No target in view!
No target in view!
Things that are here:
a +0 dagger; a goblin corpse
There is a stone staircase leading up here.
You see here a frilled lizard skeleton.
n - a scroll labelled BUAWNI MOPSUP
o - a bubbling ruby potion
Found a stone staircase leading down.
Found 6 stones.
Found a stone staircase leading down.
You see here 6 stones.
There is a stone staircase leading down here.
Found a stone staircase leading up.
d - 3 scrolls labelled LIOMMI LUCYRID (gained 1)
You now have 89 gold pieces (gained 3).
You now have 100 gold pieces (gained 11).
There is a stone staircase leading up here.
A frilled lizard comes into view.
Found a fuming golden potion.
A frilled lizard is nearby!
You shoot an arrow. The arrow hits the frilled lizard!
You kill the frilled lizard!
No target in view!
No target in view!
h - 2 fuming golden potions (gained 1)
p - a scroll labelled SINEAPN ARYG
q - a +0 pair of gloves
Found a whip.
No target in view!
Found a club.
You pick up a book of Death and begin reading...
You add the spells Animate Dead, Haunt and Infestation to your library.
A ball python comes into view.
The ball python hisses angrily.
You hear an angry hiss.
The ball python bites you. The ball python misses you.
A ball python is nearby!
A ball python is nearby!
A ball python is nearby!
You shoot an arrow. The arrow hits the ball python.
You kill the ball python!
A bat comes into view.
An endoplasm comes into view.
A frilled lizard comes into view.
You shoot an arrow.
The arrow closely misses the frilled lizard.
The arrow hits the endoplasm.
You kill the endoplasm!
The frilled lizard closely misses you.
You shoot an arrow.
The arrow completely misses the frilled lizard.
The frilled lizard closely misses you.
You shoot an arrow.
The arrow closely misses the frilled lizard.
The frilled lizard bites you.
You shoot an arrow. The arrow hits the frilled lizard!
You kill the frilled lizard!
The bat hits you.
An endoplasm comes into view.
The endoplasm misses you.
You shoot an arrow. The arrow hits the endoplasm.
The endoplasm is almost dead.
The endoplasm barely misses you.
You shoot an arrow. The arrow hits the endoplasm.
You kill the endoplasm!
The bat hits you but does no damage. The bat completely misses you.
You shoot an arrow. The arrow hits the bat.
You kill the bat!
No target in view!
No target in view!
No target in view!
No target in view!
No target in view!
No target in view!
No target in view!
No target in view!
No target in view!
No target in view!
You see here a frilled lizard corpse.
o - 2 bubbling ruby potions (gained 1)
You now have 112 gold pieces (gained 12).
r - a scroll labelled XOERAMUGUQ An adder comes into view.
The adder hisses angrily.
The adder barely misses you.
An adder is nearby!
You shoot an arrow. The arrow hits the adder.
The adder is heavily wounded.
The adder barely misses you.
You shoot an arrow. The arrow closely misses the adder.
The adder completely misses you. The adder barely misses you.
You shoot an arrow. The arrow misses the adder.
The adder barely misses you. x2
You shoot an arrow. The arrow hits the adder!
You kill the adder!
You have reached level 4!
You see here an adder corpse.
Found a ring mail.
Found a mace.
d - 4 scrolls labelled LIOMMI LUCYRID (gained 1)
A goblin comes into view. It is wielding a +0 dagger.
A goblin is nearby!
A goblin is nearby!
A goblin is nearby!
You shoot an arrow. The arrow hits the goblin.
The goblin shouts!
The goblin is severely wounded.
The goblin unwields a +0 dagger.
The goblin wields a +0 sling.
The goblin shoots a sling bullet.
The sling bullet closely misses you.
You shoot an arrow. The arrow hits the goblin.
You kill the goblin!
No target in view!
You see here a +0 club.
A worm comes into view.
You shoot an arrow. The arrow hits the worm.
The worm is lightly wounded.
A worm is nearby!
A worm is nearby!
You shoot an arrow. The arrow hits the worm.
The worm is moderately wounded.
You shoot an arrow. The arrow barely misses the worm.
A worm is nearby!
You shoot an arrow. The arrow barely misses the worm.
You shoot an arrow. The arrow hits the worm.
The worm is moderately wounded.
You shoot an arrow. The arrow barely misses the worm.
You shoot an arrow. The arrow hits the worm!
The worm is almost dead.
You shoot an arrow. The arrow hits the worm!
You kill the worm!
No target in view!
No target in view!
No target in view!
No target in view!
No target in view!
Done exploring.
Done exploring.
Done exploring.
Done exploring.
Done exploring.
Done exploring.
(D) Dungeon
Where to? (Enter - D:2, ? - help)
You see here 6 stones.
There is a stone staircase leading down here.
You climb downwards.
Found 7 stones.
There is a stone staircase leading up here.
Found a robe.
Found a white marble altar of Elyvilon.
A rat comes into view.
You shoot an arrow. The arrow barely misses the rat.
You shoot an arrow. The arrow closely misses the rat.
A rat is nearby!
You shoot an arrow. The arrow hits the rat.
You kill the rat!
Key pressed, stopping explore.
No target in view!
A rat comes into view.
You see here 3 gold pieces.
You shoot an arrow.
The arrow hits the rat but does no damage.
You shoot an arrow. The arrow hits the rat.
The rat is severely wounded.
A rat is nearby!
A rat is nearby!
You shoot an arrow. The arrow hits the rat!
You kill the rat!
No target in view!
No target in view!
You now have 115 gold pieces (gained 3).
You see here a rat corpse.
You now have 129 gold pieces (gained 14). 2 jackals and a quokka come into view.
The jackal barks!
A jackal comes into view.
There are monsters nearby!
There are monsters nearby!
You shoot an arrow. The arrow hits the quokka.
You kill the quokka!
You hear a bark!
The jackal attacks as you move away! The jackal barely misses you.
You shoot an arrow. The arrow hits the jackal.
The jackal is heavily wounded.
The jackal barely misses you. The jackal bites you.
You shoot an arrow. The arrow closely misses the jackal.
The arrow barely misses the jackal.
The jackal bites you. The jackal barely misses you.
You shoot an arrow. The arrow hits the jackal.
You kill the jackal!
The jackal barely misses you.
You shoot an arrow. The arrow hits the jackal!
You kill the jackal!
You shoot an arrow. The arrow hits the jackal.
You kill the jackal!
No target in view!
No target in view!
No target in view!
No target in view!
No target in view!
No target in view!
No target in view!
No target in view!
No target in view!
No target in view!
No target in view!
HP restored.
A jackal comes into view.
A jackal is nearby!
A jackal is nearby!
A jackal is nearby!
You shoot an arrow. The jackal barks!
The arrow hits the jackal but does no damage.
You shoot an arrow. The arrow closely misses the jackal.
The jackal closely misses you.
You shoot an arrow. The arrow barely misses the jackal.
The jackal barely misses you.
The jackal bites you but does no damage.
A jackal is nearby!
You shoot an arrow. The arrow hits the jackal.
You kill the jackal!
Found an escape hatch in the floor.
No target in view!
No target in view!
An endoplasm comes into view.
Found a falchion.
An endoplasm is nearby!
An endoplasm is nearby!
You shoot an arrow. The arrow hits the endoplasm.
You kill the endoplasm!
No target in view!
No target in view!
You see here a +0 falchion.
s - a +0 falchion
There is an escape hatch in the floor here.
An orc and 2 orc wizards come into view.
The orc wizard shouts! x2; You hear a shout!
There are monsters nearby!
There are monsters nearby!
You shoot an arrow.
The arrow hits the orc wizard but does no damage.
An orc comes into view. It is wielding a +0 club.
The orc wizard attacks as you move away!
The orc wizard closely misses you.
The orc wizard gestures at you while chanting.
The puff of flame hits you!
You shoot an arrow. The arrow hits the orc wizard.
The orc wizard is lightly wounded.
You shoot an arrow. The arrow misses the orc wizard.
The orc wizard hits you with a +0 dagger.
You shoot an arrow. The arrow barely misses the orc wizard.
The arrow hits the orc!
You kill the orc!
The orc wizard hits you but does no damage.
You shoot an arrow. The arrow hits the orc wizard.
The orc wizard is moderately wounded.
The orc wizard points at you and mumbles some strange words.
The puff of flame hits you!
* * * LOW HITPOINT WARNING * * *
The orc wizard hits you with a +0 dagger.
* * * LOW HITPOINT WARNING * * *
You are too injured to fight recklessly!
You are too injured to fight recklessly!
You are too injured to fight recklessly!
You are too injured to fight recklessly!
Fire: a) +0 shortbow
Press: ? - help, Q - select action Shift-Dir - straight line, f/p - orc wizard
Aim: an orc wizard, wielding a +0 dagger and wearing a +0 robe (moderately wounded, 58% to hit)
You shoot an arrow.
The arrow closely misses the orc wizard.
The arrow hits the orc wizard but does no damage.
The orc wizard hits you with a +0 dagger.
* * * LOW HITPOINT WARNING * * *
Fire: a) +0 shortbow
Press: ? - help, Q - select action Shift-Dir - straight line, f/p - orc wizard
Aim: an orc wizard, wielding a +0 dagger and wearing a +0 robe (moderately wounded, 58% to hit)
You shoot an arrow. The arrow hits the orc wizard.
The orc wizard is heavily wounded.
The orc wizard barely misses you.
Fire: a) +0 shortbow
Press: ? - help, Q - select action Shift-Dir - straight line, f/p - orc wizard
Aim: an orc wizard, wielding a +0 dagger and wearing a +0 robe (heavily wounded, 58% to hit)
You shoot an arrow.
The arrow hits the orc wizard but does no damage.
The orc wizard is heavily wounded.
The orc wizard gestures wildly while chanting.
The orc wizard flickers and vanishes for a moment.
The orc wizard casts a spell.
The orc wizard flickers and vanishes for a moment.
Fire: a) +0 shortbow
Press: ? - help, Q - select action Shift-Dir - straight line, f/p - orc wizard
Aim: an orc wizard, wielding a +0 dagger and wearing a +0 robe (heavily wounded, slightly transparent, 58% to hit)
You shoot an arrow. The arrow hits the orc wizard.
The orc wizard is severely wounded.
The orc wizard closely misses you. The orc wizard casts a spell at you.
The magic dart hits you.
* * * LOW HITPOINT WARNING * * *
Fire: a) +0 shortbow
Press: ? - help, Q - select action Shift-Dir - straight line, f/p - orc wizard
Aim: an orc wizard, wielding a +0 dagger and wearing a +0 robe (severely wounded, slightly transparent, 58% to hit)
You shoot an arrow. The arrow hits the orc wizard.
You kill the orc wizard!
Your Long Blades skill increases to level 1!
Fire: a) +0 shortbow
Press: ? - help, Q - select action Shift-Dir - straight line, f - orc wizard
Aim: an orc wizard, wielding a +0 dagger and wearing a +0 robe (slightly transparent, 58% to hit)
You shoot an arrow. The arrow barely misses the orc wizard.
The arrow closely misses the orc.
The orc wizard barely misses you.
Fire: a) +0 shortbow
Press: ? - help, Q - select action Shift-Dir - straight line, f/p - orc wizard
Aim: an orc wizard, wielding a +0 dagger and wearing a +0 robe (slightly transparent, 58% to hit)
You shoot an arrow. The arrow hits the orc wizard!
The orc wizard is heavily wounded.
The orc wizard hits you with a +0 dagger.
* * * LOW HITPOINT WARNING * * *
Fire: a) +0 shortbow
Press: ? - help, Q - select action Shift-Dir - straight line, f/p - orc wizard
Aim: an orc wizard, wielding a +0 dagger and wearing a +0 robe (heavily wounded, slightly transparent, 58% to hit)
You shoot an arrow. The arrow hits the orc wizard!
You kill the orc wizard!
The orc hits you with a +0 club.
* * * LOW HITPOINT WARNING * * *
Fire: a) +0 shortbow
Press: ? - help, Q - select action Shift-Dir - straight line, f - orc
Aim: an orc, wielding a +0 club and wearing a +0 leather armour (64% to hit)
You shoot an arrow. The arrow hits the orc.
The orc is moderately wounded.
The orc hits you with a +0 club.
* * * LOW HITPOINT WARNING * * *
Fire: a) +0 shortbow
Press: ? - help, Q - select action Shift-Dir - straight line, f/p - orc
Aim: an orc, wielding a +0 club and wearing a +0 leather armour (moderately wounded, 64% to hit)
You shoot an arrow. The arrow barely misses the orc.
The orc closely misses you.
Fire: a) +0 shortbow
Press: ? - help, Q - select action Shift-Dir - straight line, f/p - orc
Aim: an orc, wielding a +0 club and wearing a +0 leather armour (moderately wounded, 64% to hit)
You shoot an arrow. The arrow barely misses the orc.
The orc hits you but does no damage. The orc closely misses you.
Fire: a) +0 shortbow
Press: ? - help, Q - select action Shift-Dir - straight line, f/p - orc
Aim: an orc, wielding a +0 club and wearing a +0 leather armour (moderately wounded, 64% to hit)
You shoot an arrow. The arrow hits the orc.
The orc is severely wounded.
The orc barely misses you.
Fire: a) +0 shortbow
Press: ? - help, Q - select action Shift-Dir - straight line, f/p - orc
Aim: an orc, wielding a +0 club and wearing a +0 leather armour (severely wounded, 64% to hit)
You shoot an arrow.
The arrow hits the orc but does no damage.
The orc is severely wounded.
The orc barely misses you.
Fire: a) +0 shortbow
Press: ? - help, Q - select action Shift-Dir - straight line, f/p - orc
Aim: an orc, wielding a +0 club and wearing a +0 leather armour (severely wounded, 64% to hit)
You shoot an arrow. The arrow closely misses the orc.
The orc closely misses you. The orc hits you with a +0 club.
* * * LOW HITPOINT WARNING * * *
Fire: a) +0 shortbow
Press: ? - help, Q - select action Shift-Dir - straight line, f/p - orc
Aim: an orc, wielding a +0 club and wearing a +0 leather armour (severely wounded, 64% to hit)
You shoot an arrow.
The arrow hits the orc but does no damage.
The orc is severely wounded.
The orc closely misses you.
Fire: a) +0 shortbow
Press: ? - help, Q - select action Shift-Dir - straight line, f/p - orc
Aim: an orc, wielding a +0 club and wearing a +0 leather armour (severely wounded, 64% to hit)
You shoot an arrow. The arrow barely misses the orc.
The orc hits you with a +0 club.
* * * LOW HITPOINT WARNING * * *
Fire: a) +0 shortbow
Press: ? - help, Q - select action Shift-Dir - straight line, f/p - orc
Aim: an orc, wielding a +0 club and wearing a +0 leather armour (severely wounded, 64% to hit)
You shoot an arrow.
The arrow hits the orc but does no damage.
The orc is severely wounded.
The orc hits you with a +0 club.
You die...

######### #.......#
#.#####.#
#######....#..###
#>.......#.......
#.######.#...#### #.#
#.........#
#####.######.#.#.##.#
#.)o@.#......###.##.#
#.#####......+...##..
#. #......##..#### #o
#........#..... o.
#..........###. ##
#......#.#.# #.
#........#.###.
#......#.#.....
###############


You could see an orc.

Vanquished Creatures
  2 orc wizards (D:3)
  2 adders (D:2)
  2 worms (D:2)
  A dart slug (D:1)
  An orc (D:3)
  3 ball pythons
  10 bats
  11 endoplasms
  A giant cockroach (D:2)
  5 hobgoblins
  8 jackals
  4 kobolds
  2 quokkas
  5 frilled lizards
  4 goblins
  5 rats
66 creatures vanquished.

Notes
Turn   | Place    | Note
-------+----------+-------------------------------------------
     0 | D:1      | sleeves the Demigod Hunter began the quest for the Orb.
     0 | D:1      | Reached XP level 1. HP: 17/17 MP: 3/3
    12 | D:1      | You fall into a shaft and drop 1 floor!
    39 | D:2      | Reached skill level 4 in Ranged Weapons
    41 | D:2      | Reached XP level 2. HP: 24/24 MP: 4/4
   236 | D:1      | Reached XP level 3. HP: 27/29 MP: 5/5
   676 | D:1      | Reached skill level 5 in Ranged Weapons
  1274 | D:2      | Reached XP level 4. HP: 36/36 MP: 6/6
  1576 | D:3      | HP: 18/36 [orc wizard/puff of flame (7)]
  1582 | D:3      | Reached skill level 1 in Long Blades
  1583 | D:3      | HP: 10/36 [orc wizard/+0 dagger (3)]
  1590 | D:3      | HP: 5/36 [orc/+0 club (2)]
  1593 | D:3      | Slain by an orc

Illustrated notes

Levels and vault maps discovered:
D:1:      lightli_iron_boxes, layout_loops_ring, serial_bayou_pond_e,
          st_stairs_8, minmay_misc_feat_nine_boxes
D:2:      layout_loops_ring, ebering_ecumenical_altar_mist,
          minmay_pentomino_pile
D:3:      kennysheep_big_flooded_room, layout_basic, old_standard_altar,
          kennysheep_jessica_study

Skill      XL: |  1  2  3  4 |
---------------+-------------+-----
Ranged Weapons | 4 5 |  5.4
Long Blades    | 1 |  1.9
Fighting       | |  1.7
Dodging        | |  1.7
Stealth        | |  0.8

Action                   |  1- 3 |  4- 6 || total
-------------------------+-------+-------++-------
 Fire: Shortbow          |   121 |    49 ||   170
Armor: Leather armour    |    21 |     3 ||    24
Dodge: Dodged            |    40 |    17 ||    57

Table legend: (Time is in decaauts)
 A = Elapsed time spent in this place.
 B = Non-inter-level travel time spent in this place.
 C = Inter-level travel time spent in this place.
 D = Time resting spent in this place.
 E = Time spent auto-exploring this place.
 F = Levels seen in this place.
 G = Mean time per level.
                   A        B        C        D        E       F      G
               +--------+--------+--------+--------+--------+-----+--------+
         Total |   1645 |   1580 |     65 |      0 |   1247 |   3 |  548.3 |
       Dungeon |   1645 |   1580 |     65 |      0 |   1247 |   3 |  548.3 |
               +--------+--------+--------+--------+--------+-----+--------+

Top non-repeatable levels by time:
     D:1: 802 daAuts
     D:2: 645 daAuts
     D:3: 197 daAuts
